 Dungeon Crawl Stone Soup version 0.27.1-2-g3b301248ec (webtiles) character file.

Game seed: 8835978174585575023

4 belegose the Vexing (level 1, -1/12 HPs)
             Began as a Kobold Arcane Marksman on Oct 1, 2021.
             Slain by a ball python (2 damage)
             ... on level 1 of the Dungeon.
             The game lasted 00:00:59 (260 turns).

belegose the Vexing (Kobold Arcane Marksman)         Turns: 260, Time: 00:00:59

Health: -1/12      AC:  2    Str:  7    XL:     1   Next: 66%
Magic:  2/2        EV: 15    Int: 14    God:
Gold:   54         SH:  0    Dex: 15    Spells: 1/2 levels left

rFire    . . .     SeeInvis .   a - +0 mace
rCold    . . .     Faith    .   (shield restricted)
rNeg     . . .     Spirit   .   d - +0 robe
rPois    .         Reflect  .   (no helmet)
rElec    .         Harm     .   (no cloak)
rCorr    .         Rampage  .   (no gloves)
Will     .....                  (no boots)
Stlth    +++.......             (no amulet)
HPRegen  0.04/turn              (no ring)
MPRegen  0.08/turn              (no ring)

@: no status effects
A: small, no large weapons, nightstalker 3
a: no special abilities


You were on level 1 of the Dungeon.
You visited 1 branch of the dungeon, and saw 1 of its levels.

You collected 54 gold pieces.

Inventory:

Hand Weapons
 a - a +0 mace (weapon)
 b - a +0 dagger
Missiles
 c - 2 throwing nets
 f - 8 boomerangs (quivered)
Armour
 d - a +0 robe (worn)
Scrolls
 e - a scroll of identify {unknown}


   Skills:
 + Level 1.3 Fighting
 + Level 2.3 Throwing
 + Level 2.5 Dodging
 + Level 0.6 Stealth
 - Level 1.1 Spellcasting
 - Level 3.0 Hexes


You had one spell level left.
You knew the following spells:

 Your Spells              Type           Power      Damage    Failure   Level
a - Corona                Hex            10%        N/A       8%          1

Your spell library contained the following spells:

 Spells                   Type           Power      Damage    Failure   Level
 Slow                     Hex            9%         N/A       12%         2
 Inner Flame              Hex/Fire       4%         N/A       38%         3
 Portal Projectile        Hex/Tloc       8%         N/A       38%         3
 Cause Fear               Hex            4%         N/A       58%         4


Dungeon Overview and Level Annotations

Branches:
Dungeon (1/15)

Altars:


Innate Abilities, Weirdness & Mutations

You are small and have problems with some larger weapons.
You are completely attuned to the shadows.


Message History

The ball python constricts you.
You hit the ball python.
The ball python is severely wounded.
The ball python bites you. The ball python constricts you.
You closely miss the ball python.
The ball python is severely wounded.
The ball python bites you. The ball python constricts you.
The ball python closely misses you. The ball python constricts you.
You hit the ball python.
You kill the ball python!
The rat completely misses you.
You closely miss the rat. The rat closely misses you.
You barely miss the rat. The rat misses you. x2
You hit the rat.
You kill the rat!
HP restored.
Found 12 gold pieces.
You now have 54 gold pieces (gained 12).
Found a hand axe and 26 stones.
A ball python comes into view.
An endoplasm comes into view.
The endoplasm quivers.
The ball python hisses angrily.
You see here 26 stones.
The ball python bites you. The ball python closely misses you.
The ball python bites you but does no damage.
The ball python grabs you. The ball python constricts you.
You escape the ball python's grasp.
The ball python barely misses you. The ball python grabs you.
The ball python constricts you. The ball python bites you.
The ball python constricts you.
You completely miss the endoplasm. The endoplasm hits you.
* * * LOW HITPOINT WARNING * * *
The ball python bites you but does no damage.
The ball python constricts you.
* * * LOW HITPOINT WARNING * * *
The endoplasm misses you.
You escape the ball python's grasp.
You barely miss the ball python. The ball python bites you.
You die...

.......... ..........
#.........# .....(....
#....8.8..# ..........
#....._...## ##........
#..........## #).......
###.........# ###J.....
#...#.....#.#####S.##.#
..#####.#.......@#..#..
.## #.###.####.....#
.## #..##.....##...#
..# #########...##..
..## #.....# ...#
#.....# .#.# #.....##
.#.# #+ #......#
...#####.#####......#


You could see an endoplasm and a ball python.

Vanquished Creatures
  2 goblins (D:1)
  A ball python (D:1)
  2 rats (D:1)
5 creatures vanquished.

Notes
Turn   | Place    | Note
-------+----------+-------------------------------------------
     0 | D:1      | belegose the Kobold Arcane Marksman began the quest for the
                  | Orb.
     0 | D:1      | Reached XP level 1. HP: 12/12 MP: 2/2
   109 | D:1      | Found a faded altar of an unknown god.
   260 | D:1      | Slain by a ball python

Illustrated notes

Levels and vault maps discovered:
D:1:      dpeg_arrival_rooms_a, layout_rooms,
          dreamdust_ecumenical_altar_statues, st_stairs_1

Action                   || total
-------------------------++-------
Melee: Mace              ||    14
 Stab: Sleeping          ||     2
Armor: Robe              ||     2
Dodge: Dodged            ||    12
